 Dungeon Crawl Stone Soup version 0.18-a0-1535-g243bd92 (webtiles) character file.

20 Oddball22 the Stinger (level 2, -4/17 HPs)
             Began as an Octopode Venom Mage on Mar 9, 2016.
             Slain by an ogre
             ... wielding a +0 giant club
              (17 damage)
             ... on level 1 of the Dungeon.
             The game lasted 00:03:25 (749 turns).

Oddball22 the Stinger (Octopode Venom Mage)          Turns: 749, Time: 00:03:25

Health: -4/17      AC:  1    Str: 11    XL:     2   Next: 79%
Magic:  0/5        EV: 12    Int: 17    God:
Gold:   45         SH:  0    Dex: 12    Spells: 1 memorised, 5 levels left

rFire  . . .     SeeInvis .     (no weapon)
rCold  . . .     Gourm    .     (no shield)
rNeg   . . .     Faith    .     (helmet restricted)
rPois  .         Spirit   .     (no amulet)
rElec  .         Dismiss  .     g - +4 ring of strength
rCorr  .         Reflect  .     (no ring)
SustAt .         Harm     .     (no ring)
MR     .....                    (no ring)
Stlth  +++.......               (no ring)
                                (no ring)
                                (no ring)
                                (no ring)

@: very slightly contaminated, not resistant to hostile enchantments, fairly
stealthy
A: almost no armour, amphibious, 8 rings, constrict 8, camouflage 1, gelatinous
body 1
a: no special abilities


You were on level 1 of the Dungeon.
You were not hungry.

You visited 1 branch of the dungeon, and saw 1 of its levels.

You collected 45 gold pieces.

Inventory:

Hand Weapons
 f - a +1 vampiric whip
Missiles
 i - 10 poisoned needles
Jewellery
 g - a +4 ring of strength (left tentacle)
Scrolls
 d - a scroll of fear {unknown}
 e - a scroll of noise {unknown}
Potions
 h - a potion of degeneration {unknown}
Books
 a - a Young Poisoner's Handbook

   Spells                             Type                      Level
   a - Sting                          Conjuration/Poison           1
   b - Cure Poison                    Poison                       2
   c - Mephitic Cloud                 Conjuration/Poison/Air       3
   d - Olgreb's Toxic Radiance        Poison                       4
   e - Venom Bolt                     Conjuration/Poison           5
Comestibles
 b - a bread ration
 c - 2 chunks of flesh


   Skills:
 - Level 2.0 Dodging
 - Level 2.6 Stealth
 * Level 2.5 Spellcasting
 + Level 1.1 Conjurations
 + Level 5.0 Poison Magic


You had 5 spell levels left.
You knew the following spells:

 Your Spells              Type           Power        Failure   Level  Hunger
a - Sting                 Conj/Pois      ##..         6%          1    #......


Dungeon Overview and Level Annotations

Branches:
Dungeon (1/15)

Altars:


Innate Abilities, Weirdness & Mutations

You cannot wear most types of armour.
You are amphibious.
You can wear up to eight rings at the same time.
You can use your tentacles to constrict eight enemies at once.
Your skin changes colour to match your surroundings (Stealth).
Your rubbery body absorbs attacks (AC +1).


Message History

Press: ? - help, Shift-Dir - straight line, f/p - ogre
Aim: an ogre, wielding a giant club The sting hits the ogre.
The ogre is poisoned.
The ogre is lightly wounded.
Casting: Sting
Confirm with . or Enter, or press ? or * to list all spells.
Aiming: Sting
Press: ? - help, Shift-Dir - straight line, f/p - ogre
Aim: an ogre, wielding a giant club (moderately wounded, poisoned)
You miscast Sting.
You feel faint for a moment.
Casting: Sting
Confirm with . or Enter, or press ? or * to list all spells.
Aiming: Sting
Press: ? - help, Shift-Dir - straight line, f/p - ogre
Aim: an ogre, wielding a giant club (moderately wounded, poisoned)
The sting hits the ogre.
The ogre is moderately wounded.
The ogre looks more healthy.
The ogre hits you with a giant club!
Ouch! That really hurt!
You die...

################
...............#
##############.# #.#######
#.##....# ############
#.##....###### ...........#
#.#..........# ...........#
#.#.O....)...# ...........#
#.#@.........# ...........#
#.#..........# ...........#
#.#..........+ ...(......)#
#.#..........###
...........#
#.########+#...+
...........#
#.########...###
########...###.............#
##########.................#
...........................#


You could see an ogre.

Vanquished Creatures
  A dart slug (D:1)
  A giant gecko (D:1)
  A giant cockroach (D:1)
  3 goblins (D:1)
  3 hobgoblins (D:1)
  2 jackals (D:1)
  A bat (D:1)
  A giant newt (D:1)
  2 kobolds (D:1)
  A rat (D:1)
16 creatures vanquished.

Notes
Turn   | Place    | Note
--------------------------------------------------------------
     0 | D:1      | Oddball22 the Octopode Venom Mage began the quest for the Orb.
     0 | D:1      | Reached XP level 1. HP: 11/11 MP: 3/3
   244 | D:1      | Reached XP level 2. HP: 17/17 MP: 0/5
   329 | D:1      | Reached skill level 5 in Poison Magic
   478 | D:1      | Reached skill level 1 in Conjurations
   732 | D:1      | Noticed an ogre
   749 | D:1      | Slain by an ogre

Vault maps used:
D:1:      evilmike_arrival_hilbert_curve

Skill      XL: |  1  2 |
---------------+-------+-----
Poison Magic   | 5 |  5.0
Conjurations   | 1 |  1.1
Dodging        | |  2.0
Stealth        | |  2.6
Spellcasting   | |  2.5

Action                   || total
-------------------------++-------
Melee: Unarmed           ||    12
 Cast: Sting             ||    28
